 Dungeon Crawl Stone Soup version 0.31-a0-1620-gcbf77bbcfc (webtiles) character file.

Game seed: 3656902809432975161

38 Laraso the Slasher (level 3, -1/31 HPs)
             Began as a Draconian Monk on Jan 11, 2024.
             Killed by nerve-wracking pain
             ... invoked by an orc priest
              (10 damage)
             ... on level 2 of the Dungeon.
             The game lasted 00:02:27 (1048 turns).

Laraso the Slasher (Draconian Monk)                 Turns: 1048, Time: 00:02:27

Health: -1/31      AC:  5    Str: 13    XL:     3   Next: 25%
Magic:  3/3        EV: 12    Int: 10    God:
Gold:   22         SH:  0    Dex: 15    Spells: 2/2 levels left

rFire   . . .        a - +0 falchion
rCold   . . .        c - orb {light}
rNeg    . . .        (body armour unavailable)
rPois   .            (helmet restricted)
rElec   .            (no cloak)
rCorr   +            (no gloves)
SInv    .            (no boots)
Will    .....        (no amulet)
Stlth   +            f - ring of resist corrosion
HPRegen 0.25/turn    g - ring of flight
MPRegen 0.08/turn

%: no passive effects
@: flying, glowing
A: AC +5, unfitting armour, cold-blooded
a: no special abilities


You were on level 2 of the Dungeon.
You visited 1 branch of the dungeon, and saw 3 of its levels.

You collected 22 gold pieces.

Inventory:

Hand Weapons
 a - a +0 falchion (weapon)
Armour
 c - an orb of light (worn)
Jewellery
 f - a ring of resist corrosion (left hand)
 g - a ring of flight (right hand)
Wands
 k - a wand of mindburst (2)
Scrolls
 d - a scroll of fog {unknown}
 e - 3 scrolls of teleportation {unknown}
 h - a scroll of poison {unknown}
 i - a scroll of immolation {unknown}
Potions
 b - 2 potions of ambrosia
 j - a potion of degeneration {unknown}


   Skills:
 - Level 3.2 Fighting
 * Level 4.4 Long Blades
 - Level 2.6 Dodging


You had 2 spell levels left.
You didn't know any spells.
Your spell library contained the following spells:

 Spells                   Type           Power      Damage    Failure   Level
 Slow                     Hex            0%         N/A       36%         1
 Confusing Touch          Hex            0%         N/A       75%         3
 Sigil of Binding         Hex            0%         N/A       75%         3
 Vampiric Draining        Necr           0%         2d6       75%         3


Dungeon Overview and Level Annotations

Branches:
Dungeon (3/15)

Altars:


Innate Abilities, Weirdness & Mutations

Your plain brown scales are hard. (AC +5)
You cannot fit into any form of body armour.
You are cold-blooded and may be slowed by cold attacks.


Message History

Found a scroll labelled ALAINOPTIN, a club and a scroll labelled IZXA UBLYUCOE.
Found a stone staircase leading down and a stone staircase leading up.
There is a stone staircase leading up here.
There are monsters nearby!
The bat barely misses you. The bat hits you.
The orc priest hits you with a +0 morningstar of freezing.
You feel yourself slow down. The orc priest freezes you.
The orc barely misses you. The orc completely misses you.
You fly upwards.
You feel yourself speed up.
There is a stone staircase leading down here.
Sorry, you're not good enough to have a special ability.
Unknown command.
You hit the orc priest. You tail-slap the orc priest.
The orc priest is heavily wounded.
The bat hits you. The orc priest closely misses you.
The orc hits you but does no damage. x2
You hit the orc priest.
The orc priest is heavily wounded.
The bat closely misses you.
The orc priest casts a cantrip, but nothing happens.
The orc hits you with a +0 mace. The orc hits you with a +0 dagger.
You hit the orc priest but do no damage.
The orc priest is heavily wounded.
The bat barely misses you. The orc hits you with a +0 mace.
The orc priest misses you. The orc closely misses you.
You hit the orc priest but do no damage.
The orc priest is heavily wounded.
The bat hits you. The orc closely misses you. x2
The orc priest barely misses you.
Unknown command.
Okay, then.
Okay, then.
You completely miss the orc priest.
The orc priest is heavily wounded.
The bat closely misses you. The orc hits you with a +0 mace.
* * * LOW HITPOINT WARNING * * *
The orc priest mumbles some strange prayers to Beogh against you.
Pain shoots through your body!
You die...

######## #.......# #......#
#.#####.# # #.####.# #.#####.##
##############.####.# #.##......
.................##.# #.##.##.##
####...#######.#.##.# #.##.##.#
###.....# #....b.# #.......#
.###...## ##.o.### ####.####
#.###.## #o@...# #.# .## #.#
#o..#.# #.# ## #.# #####.# #.# #
##'## #.# ##.## # ##...## #.#
##.#.#### ###.....###########.#
#.###...# ##.......#........#.#
##.#..#.#
#..........###....#.#######.....#
+................................


You could see an orc priest, 2 orcs and a bat.

Vanquished Creatures
  3 dart slugs
  A ball python (D:1)
  3 endoplasms
  2 goblins (D:1)
  A hobgoblin (D:1)
  8 jackals (D:1)
  A kobold (D:1)
  A quokka (D:1)
  2 bats (D:1)
  3 frilled lizards (D:1)
  4 rats (D:1)
29 creatures vanquished.

Notes
Turn   | Place    | Note
-------+----------+-------------------------------------------
     0 | D:1      | Laraso the Draconian Monk began the quest for the Orb.
     0 | D:1      | Reached XP level 1. HP: 19/19 MP: 1/1
    70 | D:1      | Reached XP level 2. HP: 22/26 MP: 2/2
   281 | D:1      | Reached skill level 4 in Long Blades
   434 | D:1      | Reached XP level 3. HP: 31/31 MP: 3/3
  1048 | D:2      | Killed from afar by an orc priest

Illustrated notes

Levels and vault maps discovered:
D:1:      minmay_arrival_three_doors, layout_basic,
          chequers_serial_rivers_micro_b
D:2:      layout_loops_corners, uniq_terence
D:3:      layout_rooms, mainiacjoe_overflow_brackets, serial_shops, shop,
          gammafunk_ghost_stat_death

Skill      XL: |  1  2 |
---------------+-------+-----
Long Blades    | 4 |  4.4
Fighting       | |  3.2
Dodging        | |  2.6

Action                     || total
---------------------------++-------
  Melee: Falchion          ||    78
         Tailslap          ||    18
 Armour: Skin              ||    33
  Dodge: Dodged            ||    55

Table legend: (Time is in decaauts)
 A = Elapsed time spent in this place.
 B = Non-inter-level travel time spent in this place.
 C = Inter-level travel time spent in this place.
 D = Time resting spent in this place.
 E = Time spent auto-exploring this place.
 F = Levels seen in this place.
 G = Mean time per level.
                   A        B        C        D        E       F      G
               +--------+--------+--------+--------+--------+-----+--------+
         Total |   1058 |   1008 |     50 |     37 |    762 |   3 |  352.7 |
       Dungeon |   1058 |   1008 |     50 |     37 |    762 |   3 |  352.7 |
               +--------+--------+--------+--------+--------+-----+--------+

Top non-repeatable levels by time:
     D:1: 701 daAuts
     D:2: 353 daAuts
     D:3: 2 daAuts
